 Dungeon Crawl Stone Soup version 0.25.1-3-ge44b62a0b3 (webtiles) character file.

Game seed: 8054596951240722991

533 Glamhuggeren the Cutter (level 7, 0/55 HPs)
             Began as a Demonspawn Gladiator on Nov 23, 2020.
             Slain by Grinder (4 damage)
             ... while paralysed by Grinder
             ... on level 4 of the Dungeon.
             The game lasted 00:12:03 (4287 turns).

Glamhuggeren the Cutter (Demonspawn Gladiator)      Turns: 4287, Time: 00:12:03

Health: 0/55       AC:  6    Str: 14 (16) XL:     7   Next: 4%
Magic:  7/7        EV:  2    Int:  8 (9)  God:
Gold:   336        SH:  0    Dex: 12 (15) Spells: 6/6 levels left

rFire    + . .     SeeInvis +   n - +0 dagger (venom)
rCold    + . .     Gourm    .   (no shield)
rNeg     . . .     Faith    .   b - +0 leather armour
rPois    .         Spirit   .   c - +0 helmet
rElec    .         Reflect  .   z - scarf {rC+ rF+}
rCorr    +         Harm     .   (no gloves)
MR       .....                  (no boots)
Stlth    +.........             (no amulet)
HPRegen  0.18/turn              m - ring of see invisible
MPRegen  0.10/turn              A - ring of resist corrosion

@: paralysed, agile, stab, flying, very slightly contaminated, invisible
A: iridescent scales 1, powered by pain 3
a: no special abilities


You were on level 4 of the Dungeon.
You were not hungry.

You visited 1 branch of the dungeon, and saw 4 of its levels.
You also visited: Ossuary.

You collected 336 gold pieces.

Inventory:

Hand Weapons
 a - a +0 rapier
 k - a +0 trident
 n - a +0 dagger of venom (weapon)
 u - a +0 hunting sling
 B - a +0 fustibalus
Missiles
 l - 158 stones (quivered)
 s - 25 sling bullets
Armour
 b - a +0 leather armour (worn)
 c - a +0 helmet (worn)
 z - a scarf of resistance (worn)
Jewellery
 m - a ring of see invisible (left hand)
 A - a ring of resist corrosion (right hand)
Scrolls
 e - a scroll of enchant armour {unknown}
 g - 8 scrolls of identify
 h - 2 scrolls of random uselessness
 o - a scroll of teleportation {unknown}
 p - 2 scrolls of immolation {unknown}
 r - a scroll of fog {unknown}
 t - 2 scrolls of remove curse {unknown}
 v - a scroll of amnesia {unknown}
 y - a scroll of noise {unknown}
Potions
 i - 2 potions of lignification
 j - a potion of curing
 q - a potion of cancellation
 x - a potion of ambrosia {unknown}
 C - a potion of flight
 E - a potion of heal wounds {unknown}
 F - a potion of brilliance {unknown}
 H - a potion of berserk rage {unknown}
Comestibles
 f - 3 rations


   Skills:
 + Level 4.5 Fighting
 * Level 6.0 Short Blades
 - Level 2.0 Throwing
 - Level 3.0 Dodging


You had 6 spell levels left.
You didn't know any spells.
Your spell library was empty.

Dungeon Overview and Level Annotations

Branches:
Dungeon (4/15)            Ossuary (visited)
 Temple: D:4-7

Altars:
Trog

Annotations:
D:4 Grinder


Innate Abilities, Weirdness & Mutations

You are partially covered in iridescent scales. (AC +2)
You are powered by pain.


Message History

You hit the quokka skeleton.
You destroy the quokka skeleton!
You are too injured to fight recklessly!
It was a potion of invisibility.
You fade into invisibility!
Grinder blinks!
You are very lightly contaminated with residual magic.
It was a potion of stabbing.
You feel ready to backstab. Grinder gestures at you.
You suddenly lose the ability to move!
Grinder hits you.
* * * LOW HITPOINT WARNING * * *
You writhe in agony.
* * * LOW HITPOINT WARNING * * *
Grinder hits you but does no damage. Grinder hits you.
* * * LOW HITPOINT WARNING * * *
You writhe in agony.
You die...

#### ... ##.. # #..
.### ###########
#.###.... ##........#
###..#..###
##.######.#
#.....$.... ......#
#.# ##.#.....###
#####.#
#.###...@......# #
#.###.......5......#
#
#......##..........#
#
##.####.###.##....###
####..####.# #.#
....# ............
..# ....#
...#.#####......
..#.# .##### #######
###.# .# ##.## #.#


You could see Grinder (fast).

Vanquished Creatures
  Sigmund (D:4)
  An ogre (D:4)
  2 orc priests (D:3)
  A worker ant (D:4)
  8 mummies (Ossuary)
  A river rat (D:3)
  2 adders
  2 oozes
  3 worms
  A leopard gecko (D:2)
  2 orcs (D:3)
  2 bats (D:1)
  A giant cockroach (D:1)
  2 gnoll zombies (Ossuary)
  10 goblins
  6 hobgoblins
  2 jackals (D:4)
  6 kobolds
  A quokka (D:2)
  2 ball pythons
  2 frilled lizards
  4 hobgoblin zombies (Ossuary)
  A kobold zombie (Ossuary)
  An orc zombie (Ossuary)
  A quokka skeleton (D:4)
  9 rats
74 creatures vanquished.

Notes
Turn   | Place    | Note
-------+----------+-------------------------------------------
     0 | D:1      | Glamhuggeren the Demonspawn Gladiator began the quest for
                  | the Orb.
     0 | D:1      | Reached XP level 1. HP: 16/16 MP: 1/1
   565 | D:1      | Gained mutation: You are partially covered in iridescent
                  | scales. (AC +2) [demonic ancestry]
   565 | D:1      | Reached XP level 2. HP: 10/22 MP: 2/2
   567 | D:1      | Reached skill level 3 in Short Blades
  1263 | D:2      | Reached XP level 3. HP: 26/28 MP: 3/3
  2392 | D:3      | Found a bloodstained altar of Trog.
  2504 | D:3      | Gained mutation: You sometimes gain a little power by
                  | taking damage. [demonic ancestry]
  2504 | D:3      | Reached XP level 4. HP: 33/34 MP: 4/4
  2514 | D:3      | Reached skill level 4 in Short Blades
  2813 | D:3      | Found a faded altar of an unknown god.
  3296 | D:4      | Reached XP level 5. HP: 41/41 MP: 5/5
  3314 | D:4      | Found a sand-covered staircase.
  3351 | D:4      | Noticed an ogre
  3362 | D:4      | Killed an ogre
  3418 | D:4      | Noticed Sigmund
  3422 | D:4      | Reached skill level 5 in Short Blades
  3442 | D:4      | Killed Sigmund
  3442 | D:4      | Gained mutation: You sometimes gain power by taking damage.
                  | [demonic ancestry]
  3442 | D:4      | Reached XP level 6. HP: 44/48 MP: 6/6
  3583 | Ossuary  | Entered an ossuary
  3946 | Ossuary  | Reached skill level 6 in Short Blades
  3957 | Ossuary  | Gained mutation: You are powered by pain. [demonic
                  | ancestry]
  3957 | Ossuary  | Reached XP level 7. HP: 37/55 MP: 7/7
  4251 | D:4      | Noticed Grinder
  4255 | D:4      | Paralysed by Grinder for 4 turns
  4283 | D:4      | Paralysed by Grinder for 6 turns
  4287 | D:4      | Slain by Grinder

Illustrated notes

Levels and vault maps discovered:
D:1:      lemuel_arrival_rhombus, layout_basic
D:2:      layout_basic
D:3:      layout_basic, lightli_temple_of_fire, portal_sewer_entry_c,
          chequers_ecumenical_altar_simple
D:4:      layout_loops_ring, first_ration,
          nicolae_ossuary_entry_false_entrances, uniq_grinder, uniq_sigmund

Skill      XL: |  1  2  3  4  5  6 |
---------------+-------------------+-----
Short Blades   | 3 4 5 6 |  6.0
Throwing       | 2 |  2.0
Dodging        | 3 |  3.0
Fighting       | 3 4 |  4.5

Action                   |  1- 3 |  4- 6 |  7- 9 || total
-------------------------+-------+-------+-------++-------
Melee: Rapier            |    53 |    68 |    10 ||   131
       Dagger            |    66 |    99 |    16 ||   181
Throw: Throwing net      |       |     3 |     1 ||     4
  Use: Scroll            |       |     1 |       ||     1
       Potion            |       |     2 |     6 ||     8
 Stab: Sleeping          |     4 |       |       ||     4
       Held in net/web   |       |     2 |       ||     2
  Eat: Chunk             |     5 |     3 |       ||     8
       Ration            |       |       |     1 ||     1
Armor: Leather armour    |    35 |    19 |     8 ||    62
       Skin              |       |    75 |       ||    75
Dodge: Dodged            |    58 |    65 |    26 ||   149
